 Dungeon Crawl Stone Soup version 0.17-a0-1105-gbe8b664 (webtiles) character file.

63 Grimpse the Cudgeler (level 3, 0/29 HPs)
             Began as a Centaur Gladiator on May 21, 2015.
             Slain by an adder (3 damage)
             ... on level 2 of the Dungeon.
             The game lasted 00:10:07 (1376 turns).

Grimpse the Cudgeler (Centaur Gladiator)            Turns: 1376, Time: 00:10:08

Health: 0/29       AC:  8    Str: 18    XL:     3   Next: 89%
Magic:  3/3        EV:  5    Int:  7    God:
Gold:   35         SH:  0    Dex:  9    Spells: 0 memorised, 2 levels left

rFire  . . .     SeeInvis .     a - +0 flail
rCold  . . .     Clarity  .     x - +0 chain mail
rNeg   . . .     SustAb   .     (no shield)
rPois  .         Gourm    .     c - +0 helmet
rElec  .         Spirit   .     (no cloak)
rCorr  .         Warding  .     (no gloves)
rMut   +         Stasis   .     (no barding)
MR     .....                    t - amulet of resist mutation
Stlth  ..........               (no ring)
                                (no ring)

@: lethally poisoned (0 -> -8), very quick, not resistant to hostile
enchantments, extremely unstealthy
A: hooves 3, deformed body, speed 2, tough skin 3
a: no special abilities


You were on level 2 of the Dungeon.
You were not hungry.

You visited 1 branch of the dungeon, and saw 2 of its levels.

You collected 35 gold pieces.

Inventory:

Hand weapons
 a - a +0 flail (weapon)
 n - a +0 short sword
 q - a +0 club
 s - a +0 hand axe
 w - a +0 falchion
Missiles
 k - 55 stones (quivered)
 l - 38 arrows
 m - 26 bolts
Armour
 b - a +0 leather armour
 c - a +0 helmet (worn)
 f - a +0 leather armour
 g - a +0 robe
 x - a +0 chain mail (worn)
Jewellery
 t - an amulet of resist mutation (around neck)
Magical devices
 d - a wand of digging (18)
Scrolls
 h - a scroll of magic mapping
 o - a scroll of teleportation
 r - a scroll of identify
Potions
 e - a potion of lignification {unknown}
 i - 2 potions of magic {unknown}
 p - a potion of curing {unknown}
 u - a potion of degeneration {unknown}
 v - 2 potions of flight {unknown}
Comestibles
 j - 2 beef jerkies


   Skills:
 + Level 2.2 Fighting
 + Level 3.5 Maces & Flails
 + Level 3.0 Throwing
 + Level 2.8 Dodging


You had 2 spell levels left.
You didn't know any spells.

Dungeon Overview and Level Annotations

Branches:
Dungeon (2/15)

Altars:


Innate Abilities, Weirdness & Mutations

You have hooves in place of feet.
Armour fits poorly on your strangely shaped body.
You cover ground very quickly.
You have extremely tough skin (AC +3).


Message History

You hit the adder.
The adder is almost dead.
You feel sick. The adder bites you but does no damage.
The adder bites you but does no damage.
You closely miss the adder.
The adder is almost dead.
You feel sick. The adder bites you.
* * * LOW HITPOINT WARNING * * *
You are lethally poisoned!
The adder poisons you! The adder bites you.
* * * LOW HITPOINT WARNING * * *
You closely miss the adder. Your kick misses the adder.
The adder is almost dead.
* * * LOW HITPOINT WARNING * * *
You feel sick. The adder bites you but does no damage.
You miss the adder.
The adder is almost dead.
* * * LOW HITPOINT WARNING * * *
You feel sick. The adder bites you.
You die...

*,*,,,,,...#* #.#.#..............
,,*,,,,...#* #.#.#..............
,,,,,,,....####.....#............
,,,,,,,,,....#.....##............
,,****,,,..................†.....
,,* *,,,.................†......
,** **,,.#......[...............
,* *,,.....>.................. ,*
*,,,#(...S@...........##### ,**
**,*#................## #
,,******,*###...#..#...#..## #
,,,,,,,,,,.......#.##.....#** #
**,,,,*,**##.....#.#........**
**,,,,,,* #.....#...?......,*
,,,,,,,*** #.....*#..,,..,,,,*
**,,,,,,,**#.....,,...,,,,,,***
*,,,,**,,,,,,,,,,,,,,,,,,,,,,***


You could see an adder.

Vanquished Creatures
  Terence (D:2)
  A gnoll (D:1)
  5 giant cockroaches (D:1)
  2 goblins
  2 hobgoblins (D:1)
  4 kobolds
  A quokka (D:2)
  3 ball pythons (D:1)
  2 bats (D:1)
  2 giant newts (D:1)
  3 jackals (D:1)
  3 rats (D:1)
29 creatures vanquished.

Notes
Turn   | Place    | Note
--------------------------------------------------------------
     0 | D:1      | Grimpse the Centaur Gladiator began the quest for the Orb.
     0 | D:1      | Reached XP level 1. HP: 17/17 MP: 1/1
   181 | D:1      | Reached XP level 2. HP: 24/24 MP: 2/2
   302 | D:1      | Reached skill level 3 in Maces & Flails
   682 | D:1      | Reached XP level 3. HP: 27/29 MP: 3/3
  1180 | D:2      | Noticed Terence
  1210 | D:2      | Killed Terence
  1376 | D:2      | Slain by an adder

Vault maps used:
D:1:      tarquinn_simple_flora_water_c, minmay_shallow_snake_nest
D:2:      first_bread, uniq_terence

Action                   || total
-------------------------++-------
Melee: Flail             ||    90
Throw: Throwing net      ||     5
       Stone             ||     3
  Use: Scroll            ||     5
  Eat: Bread ration      ||     1
